 Dungeon Crawl Stone Soup version 0.18.1-8-gdd0e5ea (webtiles) character file.

9214 matakusis the Unseen (level 11, -16/68 HPs)
             Began as a Vampire Enchanter on June 5, 2016.
             Was an Elder of Dithmenos.
             Demolished by Maud
             ... wielding a +2 great sword
              (37 damage)
             ... on level 11 of the Dungeon.
             The game lasted 00:58:56 (13922 turns).

matakusis the Unseen (Vampire Enchanter)           Turns: 13922, Time: 00:58:57

Health: -16/68     AC:  6    Str:  7    XL:     11   Next: 20%
Magic:  17/31      EV: 17    Int: 18    God:    Dithmenos [****..]
Gold:   600        SH:  0    Dex: 18    Spells: 5 memorised, 12 levels left

rFire  + . .     SeeInvis +     a - +2 dagger
rCold  . . .     Gourm    .     b - +1 robe
rNeg   + . .     Faith    .     (no shield)
rPois  +         Spirit   .     (no helmet)
rElec  .         Dismiss  .     h - +1 cloak
rCorr  .         Reflect  .     I - +0 pair of gloves
SustAt .         Harm     .     (no boots)
MR     ++...                    t - amulet of Socw {Inacc *Drain rPois MR+ SInv Stlth+}
Stlth  ++++++++++               H - ring of protection from fire
                                u - ring of magical power

@: wreathed by umbra, very resistant to hostile enchantments, uncannily stealthy
A: fangs 3, see invisible, unbreathing
a: Bat Form, Shadow Step, Renounce Religion


You were on level 11 of the Dungeon.
You worshipped Dithmenos.
Dithmenos was greatly pleased with you.
You were not thirsty.

You visited 2 branches of the dungeon, and saw 12 of its levels.
You also visited: Sewer.

You collected 600 gold pieces.

Inventory:

Hand Weapons
 a - a +2 dagger (weapon)
Missiles
 e - 8 poisoned tomahawks
 g - 4 needles of sleeping
 p - 2 throwing nets (quivered)
 q - 349 stones
 y - 10 tomahawks of dispersal
Armour
 b - a +1 robe (worn)
 h - a +1 cloak (worn)
 I - a +0 pair of gloves (worn)
Magical Staves
 P - an uncursed staff of power
Jewellery
 t - the amulet of Socw (around neck) {Inacc *Drain rPois MR+ SInv Stlth+}
   (You found it on level 2 of the Dungeon)

   [amulet of inaccuracy]

   It reduces the accuracy of all your attacks.
   It protects you from poison.
   It affects your resistance to hostile enchantments.
   It lets you see invisible.
   It causes draining when unequipped.
   It makes you more stealthy.
 u - a ring of magical power (left hand)
 H - a ring of protection from fire (right hand)
Wands
 j - a wand of acid (6/15)
 D - a wand of digging (13/24)
 M - a wand of lightning (9/15)
Scrolls
 f - 3 scrolls of teleportation
 k - a scroll of enchant armour
 o - a scroll of amnesia
 z - a scroll of blinking
 B - a scroll of recharging
 C - a scroll of identify
 E - a scroll of enchant weapon
 G - 3 scrolls of torment {unknown}
 K - a scroll of silence {unknown}
 L - a scroll of fog
 N - a scroll of brand weapon {unknown}
Potions
 d - 36 potions of blood
 i - 4 potions of cancellation
 m - 5 potions of flight
 r - 4 potions of brilliance
 s - 3 potions of might
 v - 4 potions of agility
 w - 4 potions of heal wounds
 x - 8 potions of curing
 F - a potion of lignification
 J - 2 potions of cure mutation
 O - a potion of resistance
Books
 c - a book of Maledictions

   Spells                             Type                      Level
   a - Corona                         Hexes                        1
   b - Ensorcelled Hibernation        Hexes/Ice                    2
   c - Confuse                        Hexes                        3
   d - Tukima's Dance                 Hexes                        3
   e - Dazzling Spray                 Conjuration/Hexes            3
 l - a book of Misfortune

   Spells                             Type                      Level
   a - Confusing Touch                Hexes                        2
   b - Confuse                        Hexes                        3
   c - Gell's Gravitas                Hexes/Translocation          3
   d - Petrify                        Transmutation/Earth          4
   e - Metabolic Englaciation         Hexes/Ice                    5
   f - Yara's Violent Unravelling     Hexes/Transmutation          5
 A - a book of Clouds

   Spells                             Type                      Level
   a - Mephitic Cloud                 Conjuration/Poison/Air       3
   b - Conjure Flame                  Conjuration/Fire             3
   c - Poisonous Cloud                Conjuration/Poison/Air       6
   d - Freezing Cloud                 Conjuration/Ice/Air          6
   e - Ring of Flames                 Charms/Fire                  7
Miscellaneous
 n - a plain deck of changes {the Shadow}


   Skills:
 + Level 4.2 Short Blades
 + Level 6.3 Dodging
 + Level 16.9 Stealth
 + Level 7.7 Spellcasting
 - Level 0.1 Conjurations
 + Level 12.1 Hexes
 - Level 0.8 Translocations


You had 12 spell levels left.
You knew the following spells:

 Your Spells              Type           Power        Failure   Level  Hunger
a - Corona                Hex            ######.      1%          1    None
b - Tukima's Dance        Hex            ######..     1%          3    #......
c - Confuse               Hex            ######..     1%          3    #......
d - Dazzling Spray        Conj/Hex       ####....     2%          3    #......
e - Gell's Gravitas       Hex/Tloc       ####......   2%          3    #......


Dungeon Overview and Level Annotations

Branches:
Dungeon (11/15)            Temple (1/1) D:4             Orc (0/2) D:11
   Lair: D:8-11

Altars:
Ashenzari
Cheibriados
Dithmenos
Elyvilon
Fedhas
Gozag
Kikubaaqudgha
Makhleb
Nemelex Xobeh
Okawaru
Pakellas
Qazlal
Ru
Sif Muna
Trog
Vehumet
Xom
Yredelemnul
Zin
The Shining One

Annotations:
D:11 Maud


Innate Abilities, Weirdness & Mutations

You have razor-sharp teeth.
You have supernaturally acute eyesight.
You can survive without breathing.


Message History

Press: ? - help, Shift-Dir - straight line, f/p - Maud
Aim: Maud, wielding an enchanted great sword and wearing a runed chain mail (almost dead, umbra, chance to defeat MR: 3%) Maud resists with almost no effort.
Maud hits you with an enchanted great sword!
Casting: Confuse
Confirm with . or Enter, or press ? or * to list all spells.
Aiming: Tukima's Dance
Press: ? - help, Shift-Dir - straight line, f/p - Maud
Aim: Maud, wielding an enchanted great sword and wearing a runed chain mail (almost dead, umbra, chance to defeat MR: 8%) Maud resists with almost no effort.
Maud hits you with an enchanted great sword!!
* * * LOW HITPOINT WARNING * * *
You emit a cloud of dark smoke.
You miss Maud.
Maud is severely wounded.
You miss Maud. You bite Maud, but do no damage.
Maud is severely wounded.
Maud hits you with an enchanted great sword!!!
Ouch! That really hurt!
You die...

#................#
#...####.._......#
#...# #.........###
#...# #......##....
#..?# #.......[..#.
+..§# #.....####.#.
#§#§+ #.....# #...
#§§@# #....[# #...
#§§@# ####### #.#.
#.#.# #... #.#.#
#... #.#.# #####...
#..$# #....... #...#
#..#.... #...#######
#......#
#.........#######...
#.........'.....#...


You could see Maud.

Vanquished Creatures
  The ghost of daning the Slasher, a novice HESk of Okawaru (D:9)
  A centaur zombie (D:10)
  A gargoyle (D:11)
  A troll (D:10)
  Sigmund (D:2)
  12 yaks (D:10)
  A human (D:8)
  A dancing weapon (D:2)
  Grum (D:9)
  A steam dragon (D:9)
  A hungry ghost (D:7)
  A hippogriff (D:10)
  2 ice beasts
  A phantom (D:4)
  5 sky beasts
  An orc warrior (D:9)
  4 necrophages
  7 ogres
  3 wolves (D:9)
  8 centaurs
  3 big kobolds (Sewer)
  5 giant frogs
  3 scorpions
  6 killer bees (D:9)
  5 wights
  6 crimson imps
  2 orc priests (D:3)
  Crazy Yiuf (D:2)
  A giant frog skeleton (D:6)
  9 hounds
  3 centaur skeletons
  3 iguanas
  Ijyb (D:3)
  Natasha (thrice) (D:2)
  Terence (D:2)
  2 orc wizards
  6 worker ants
  A killer bee zombie (D:5)
  3 hound skeletons
  A worker ant zombie (D:8)
  5 gnolls
  21 adders
  2 river rats (Sewer)
  3 shadow imps
  An adder zombie (D:6)
  An ooze (Sewer)
  An adder skeleton (D:9)
  A worm (D:2)
  3 dart slugs
  4 giant geckos
  23 orcs
  3 ball pythons (Sewer)
  3 giant cockroaches
  8 goblins
  6 hobgoblins
  13 jackals
  28 kobolds
  8 quokkas
  4 bats
  5 giant newts
  A jackal skeleton (D:4)
  29 rats
292 creatures vanquished.

Vanquished Creatures (collateral kills)
  2 ogres
  A giant frog (D:8)
  A wight (D:8)
  3 gnolls
  5 orcs
  A goblin (D:3)
  A jackal zombie (D:5)
  A kobold (Sewer)
15 creatures vanquished.

Vanquished Creatures (others)
  2 dancing weapons
  An orc (D:4)
3 creatures vanquished.

Grand Total: 310 creatures vanquished

Notes
Turn   | Place    | Note
--------------------------------------------------------------
     0 | D:1      | matakusis the Vampire Enchanter began the quest for the Orb.
     0 | D:1      | Reached XP level 1. HP: 13/13 MP: 3/3
   521 | D:1      | Reached XP level 2. HP: 19/19 MP: 3/5
   623 | D:1      | Reached skill level 5 in Stealth
   724 | D:1      | Found a sparkling altar of Nemelex Xobeh.
  1429 | D:1      | Reached skill level 5 in Hexes
  1458 | D:2      | Noticed Sigmund
  1466 | D:2      | Killed Sigmund
  1466 | D:2      | Reached skill level 6 in Stealth
  1466 | D:2      | Reached XP level 3. HP: 6/24 MP: 7/7
  1466 | D:2      | Reached XP level 4. HP: 8/30 MP: 8/8
  1466 | D:2      | Reached XP level 5. HP: 9/35 MP: 9/9
  1950 | D:2      | Learned a level 3 spell: Tukima's Dance
  1954 | D:2      | Learned a level 3 spell: Confuse
  2118 | D:2      | Noticed Crazy Yiuf
  2134 | D:2      | Killed Crazy Yiuf
  2318 | D:2      | Found a blossoming altar of Fedhas.
  2471 | D:2      | Noticed Terence
  2474 | D:2      | Killed Terence
  2474 | D:2      | Reached skill level 7 in Stealth
  2536 | D:2      | Noticed Natasha
  2538 | D:2      | Killed Natasha
  2538 | D:2      | Reached XP level 6. HP: 41/41 MP: 10/10
  2618 | D:2      | Got an ancient copper amulet
  2627 | D:2      | Identified the amulet of Socw {Inacc *Drain rPois MR+ SInv Stlth+} (You found it on level 2 of the Dungeon)
  2666 | D:2      | Noticed Natasha
  2679 | D:2      | Killed Natasha
  2966 | D:2      | Noticed Natasha
  2973 | D:2      | Killed Natasha
  3039 | D:3      | Noticed Ijyb
  3044 | D:3      | Killed Ijyb
  3044 | D:3      | Reached skill level 8 in Stealth
  3927 | D:3      | Found a radiant altar of Vehumet.
  4178 | D:3      | Found a white marble altar of Elyvilon.
  4345 | D:3      | Found an opulent altar of Gozag.
  4434 | D:3      | Reached XP level 7. HP: 46/46 MP: 11/11
  4447 | D:3      | Learned a level 3 spell: Dazzling Spray
  4567 | D:4      | Reached skill level 9 in Stealth
  4650 | D:4      | Found an iron altar of Okawaru.
  4902 | D:4      | Found a staircase to the Ecumenical Temple.
  4913 | Temple   | Entered the Ecumenical Temple
  5193 | Temple   | Became a worshipper of Dithmenos the Shadowed
  5475 | D:4      | Reached skill level 10 in Stealth
  6014 | D:4      | Found a glowing golden altar of the Shining One.
  6058 | D:5      | Entered Level 5 of the Dungeon
  6128 | D:5      | Reached XP level 8. HP: 52/52 MP: 10/13
  6193 | D:5      | Reached * piety under Dithmenos
  6231 | D:5      | Found a glowing drain.
  6250 | Sewer    | Entered a sewer
  6748 | Sewer    | Reached skill level 11 in Stealth
  6867 | Sewer    | Reached ** piety under Dithmenos
  7650 | D:5      | Reached skill level 12 in Stealth
  7844 | D:5      | Learned a level 3 spell: Gell's Gravitas
  8553 | D:6      | Found a bloodstained altar of Trog.
  8587 | D:6      | Found a snail-covered altar of Cheibriados.
  9687 | D:7      | Reached XP level 9. HP: 57/57 MP: 16/16
  9858 | D:7      | Reached skill level 13 in Stealth
 10010 | D:7      | Reached skill level 5 in Spellcasting
 11257 | D:8      | Reached skill level 5 in Dodging
 11257 | D:8      | Reached skill level 10 in Hexes
 11344 | D:8      | Reached *** piety under Dithmenos
 11360 | D:8      | Reached skill level 14 in Stealth
 11966 | D:9      | Reached XP level 10. HP: 63/63 MP: 19/19
 11989 | D:9      | Noticed daning's ghost (novice HESk)
 12000 | D:9      | Killed daning's ghost
 12046 | D:9      | Found an ancient bone altar of Kikubaaqudgha.
 12228 | D:9      | Reached skill level 15 in Stealth
 12288 | D:9      | Noticed Grum
 12293 | D:9      | Killed Grum
 12449 | D:9      | Reached **** piety under Dithmenos
 12800 | D:10     | Entered Level 10 of the Dungeon
 12933 | D:10     | Reached skill level 16 in Stealth
 13170 | D:10     | Reached XP level 11. HP: 68/68 MP: 15/22
 13783 | D:11     | Found a staircase to the Orcish Mines.
 13789 | D:11     | Found a burning altar of Makhleb.
 13907 | D:11     | Noticed Maud
 13922 | D:11     | Demolished by Maud

Skill      XL: |  1  2  3  4  5  6  7  8  9 10 11 |
---------------+----------------------------------+-----
Stealth        | 6 7 8 10 12 14 16 | 16.9
Hexes          | 6 7 8 10 11 12 | 12.1
Spellcasting   | 3 4 6 7 |  7.7
Short Blades   | 2 3 4 |  4.2
Dodging        | 3 4 5 6 |  6.3
Conjurations   | |  0.1
Translocations | |  0.8

Action                   |  1- 3 |  4- 6 |  7- 9 | 10-12 || total
-------------------------+-------+-------+-------+-------++-------
Melee: Dagger            |    53 |   140 |   488 |   149 ||   830
       Bite              |     3 |    10 |    38 |    16 ||    67
 Cast: Corona            |    21 |       |       |       ||    21
       Confuse           |       |    23 |    73 |    37 ||   133
       Tukima's Dance    |       |     4 |    15 |    10 ||    29
       Dazzling Spray    |       |       |     6 |     4 ||    10
       Gell's Gravitas   |       |       |     5 |     2 ||     7
 Abil: End Transformatio |       |       |     1 |       ||     1
       Bat Form          |       |       |     1 |       ||     1
  Use: Scroll            |       |    10 |     9 |     6 ||    25
       Potion            |       |     7 |    32 |     8 ||    47
 Stab: Sleeping          |     7 |    26 |    55 |    40 ||   128
       Confused          |       |     9 |    43 |    21 ||    73
Armor: Robe              |     6 |    17 |    68 |    11 ||   102
Dodge: Dodged            |    14 |    52 |   316 |    59 ||   441
